 Dungeon Crawl Stone Soup version 0.20.0-10-g0535bb4 (webtiles) character file.

113 asdff the Slasher (level 4, -1/35 HPs)
             Began as a Barachi Skald on June 4, 2017.
             Succumbed to an adder's poison
             ... on level 3 of the Dungeon.
             The game lasted 00:13:57 (2775 turns).

asdff the Slasher (Barachi Skald)                   Turns: 2775, Time: 00:13:58

Health: -1/35      AC:  4    Str: 13    XL:     4   Next: 96%
Magic:  7/7        EV: 12    Int: 13    God:
Gold:   101        SH:  0    Dex: 12    Spells: 4/7 levels left

rFire    . . .     SeeInvis .   a - +0 falchion
rCold    . . .     Gourm    .   (no shield)
rNeg     . . .     Faith    .   b - +0 leather armour
rPois    .         Spirit   .   (no helmet)
rElec    .         Reflect  .   (no cloak)
rCorr    .         Harm     .   (no gloves)
MR       .....                  j - +0 pair of boots
Stlth    +.........             (no amulet)
Regen    0.2/turn               (no ring)
MPRegen  0.1/turn               (no ring)

@: lethally poisoned (-1 -> -16), can't hop, slow
A: +LOS, swims, slowness 1, strong legs 1
a: Hop


You were on level 3 of the Dungeon.
You were not hungry.

You visited 1 branch of the dungeon, and saw 4 of its levels.

You collected 101 gold pieces.

Inventory:

Hand Weapons
 a - a +0 falchion (weapon)
 p - a +0 blowgun
Missiles
 q - 11 poisoned needles
Armour
 b - a +0 leather armour (worn)
 j - a +0 pair of boots (worn)
Jewellery
 l - an uncursed amulet of guardian spirit {unknown}
Wands
 u - a wand of disintegration (15/24)
Scrolls
 f - 2 scrolls of remove curse {unknown}
 i - a scroll of immolation {unknown}
 k - 5 scrolls of identify {unknown}
 o - a scroll of teleportation {unknown}
Potions
 e - 2 potions of flight {unknown}
 g - a potion of cancellation {unknown}
 h - 3 potions of curing {unknown}
 n - a potion of agility {unknown}
 r - a potion of heal wounds {unknown}
 t - a potion of berserk rage {unknown}
Books
 c - a book of Battle

   Spells                             Type                      Level
   a - Infusion                       Charms                       1
   b - Shroud of Golubria             Charms/Translocation         2
   c - Song of Slaying                Charms                       2
   d - Spectral Weapon                Hexes/Charms                 3
   e - Regeneration                   Charms/Necromancy            3
Comestibles
 d - 2 bread rations
 m - 8 fruits
 s - a chunk of flesh


   Skills:
 + Level 3.5 Fighting
 * Level 4.8 Long Blades
 - Level 1.2 Armour
 - Level 2.2 Dodging
 - Level 2.1 Spellcasting
 + Level 3.8 Charms


You had 4 spell levels left.
You knew the following spells:

 Your Spells              Type           Power        Failure   Level  Hunger
a - Infusion              Chrm           ##..         7%          1    ##.....
b - Song of Slaying       Chrm           ##......     10%         2    ###....


Dungeon Overview and Level Annotations

Branches:
Dungeon (4/15)
 Temple: D:4-7

Altars:

Annotations:
D:3 1 transporter, GordonOverkill's ghost, amateur GrSk


Innate Abilities, Weirdness & Mutations

Shadows flee at your approach. (+LOS)
You can swim through water.
You cover ground slowly.
You can hop short distances.


Message History

The frilled lizard closely misses you.
* * * LOW HITPOINT WARNING * * *
You feel sick. The adder bites you.
* * * LOW HITPOINT WARNING * * *
You are more poisoned.
The adder poisons you!
The frilled lizard bites you but does no damage.
The adder bites you.
* * * LOW HITPOINT WARNING * * *
The kobold barely misses you.
Okay, then.
You hit the adder.
The adder is almost dead.
* * * LOW HITPOINT WARNING * * *
You feel sick. The frilled lizard misses you.
You riposte.
You closely miss the frilled lizard. The adder bites you but does no damage.
The kobold closely misses you.
You barely miss the adder.
The adder is almost dead.
You die...

#.#.#.............
#.#.##.........##########.#
.......).................>.. .#
(......##.#.................###.#
.......##.#............!........#
(....#.##.#....###############...
.....'.##.##.#.#8P#;≈≈≈≈≈≈#P8#.##
.....#..#.##...#S.#.......#..#..#
######..#.##..W#@K'...♣...+[©#...
#..#.##..O#l.#.......#..#...
#.......#.#8P#;≈≈≈≈≈≈#P8#.#.
######.#..#..#.###############.##
.....#.#.###.#..........(......#
####.#...........############.##
#.###W###.###..........w.w.#
####'###O.##.#........#######.#
.......##.##.#........# #.#


You could see an ogre, 2 electric eels, GordonOverkill's ghost, an adder, a
kobold and a frilled lizard.

Vanquished Creatures
  3 adders
  A worm (D:2)
  3 dart slugs
  2 leopard geckos (D:2)
  3 orcs (D:3)
  12 bats
  A giant cockroach (D:3)
  7 goblins
  9 hobgoblins
  5 jackals
  7 kobolds
  A quokka (D:3)
  6 frilled lizards
  7 rats
67 creatures vanquished.

Notes
Turn   | Place    | Note
-------+----------+-------------------------------------------
     0 | D:1      | asdff the Barachi Skald began the quest for the Orb.
     0 | D:1      | Reached XP level 1. HP: 17/17 MP: 3/3
    73 | D:1      | Reached XP level 2. HP: 23/23 MP: 1/5
   245 | D:1      | Reached skill level 3 in Long Blades
   461 | D:1      | Reached XP level 3. HP: 17/29 MP: 6/6
   539 | D:1      | Learned a level 2 spell: Song of Slaying
  1195 | D:2      | Reached skill level 4 in Long Blades
  1267 | D:2      | Reached XP level 4. HP: 17/35 MP: 7/7
  1301 | D:2      | You fall through a shaft for 2 floors!
  1301 | D:4      | Noticed an ogre
  1519 | D:3      | Found a transporter.
  1882 | D:3      | Found a transporter.
  2725 | D:3      | Noticed GordonOverkill's ghost (amateur GrSk)
  2773 | D:3      | HP: 1/35 [adder (2)]
  2775 | D:3      | Succumbed to an adder's poison

Skill      XL: |  1  2  3 |
---------------+----------+-----
Long Blades    | 3 4 |  4.8
Fighting       | 3 |  3.5
Armour         | |  1.2
Dodging        | |  2.2
Spellcasting   | |  2.1
Charms         | |  3.8

Action                   |  1- 3 |  4- 6 || total
-------------------------+-------+-------++-------
Melee: Falchion          |   128 |   129 ||   257
 Cast: Infusion          |     6 |     5 ||    11
       Song of Slaying   |     1 |     4 ||     5
 Abil: Hop               |     2 |     3 ||     5
 Stab: Sleeping          |       |     1 ||     1
  Eat: Chunk             |     1 |     7 ||     8
Armor: Leather armour    |    39 |    50 ||    89
Dodge: Dodged            |   106 |   117 ||   223
       Rpst.: Falchion   |    31 |    32 ||    63
